Rangers vs Lightning
(R1)
Created - November 5, 2023 at 21:38
Goals
|
| Rangers |
1 |
1 |
0 |
2 |
| Lightning |
0 |
2 |
2 |
4 |
|
Shots
|
| Rangers |
5 |
21 |
11 |
37 |
| Lightning |
14 |
4 |
16 |
34 |
|
1st period
1. Rangers , Sean Couturier 6 (Dmitry Kulikov 4) at 15:27 (SH)
Penalties :
Richard Panik (NyR) for Holding (Minor) at 5:30, Ondrej Palat (NyR) for Holding (Minor) at 9:20, Milan Lucic (NyR) for Hooking (Minor) at 15:17
2nd period
2. Rangers , Sean Couturier 7 (Cale Makar 7) at 0:46
3. Lightning , Brock Boeser 6 (Jack Roslovic 8, Anthony Cirelli 5) at 7:48 (PP)
4. Lightning , Jimmy Vesey 2 (Tyler Kennedy 2) at 15:45
Penalties :
Ryan Strome (NyR) for Hooking (Minor) at 7:18, Jimmy Vesey (T.B) for Roughing (Minor) at 13:25, Milan Lucic (NyR) for Hooking (Minor) at 17:39
3rd period
5. Lightning , Alex Killorn 3 (Michael Kostka 8) at 13:22
6. Lightning , Yanni Gourde 5 (Matt Duchene 7, Brendan Lemieux 4) at 19:49 (PP)
Penalties :
Shayne Gostisbehere (T.B) for Hooking (Minor) at 3:16, Yanni Gourde (T.B) for Kneeing (Minor) at 7:14, Dmitry Kulikov (NyR) for Hooking (Minor) at 18:36
Goalie Stats
Samuel Montembeault (NyR), 30 saves from 34 shots - (0.882), L, 3-3-1, 60:00 minutes
Marc-André Fleury (T.B), 35 saves from 37 shots - (0.946), W, 1-0-0, 60:00 minutes
Players Stats for Rangers
Player Name G A P +/- PIM S H SB GA TA FO MP PP MP PK MP
------------------------------------------------------------------------------------
Cale Makar 0 1 1 0 0 2 0 2 2 0 0/0 19:58 2:28 3:25
Derrick Pouliot 0 0 0 -1 0 0 0 0 0 0 0/0 11:27 0:00 0:00
Devante Smith-Pelly 0 0 0 1 0 1 2 0 0 1 3/3 16:52 3:10 0:00
Dmitry Kulikov 0 1 1 1 2 2 1 1 0 1 0/0 27:21 3:29 5:01
Henrik Samuelsson 0 0 0 -2 0 3 0 0 0 0 5/7 12:07 0:00 0:52
Jake McCabe 0 0 0 1 0 5 0 2 0 1 0/0 28:35 3:29 6:14
Magnus Paajarvi 0 0 0 0 0 0 0 2 0 0 0/0 9:42 0:02 2:06
Maxime Sauvé 0 0 0 0 0 0 0 1 0 0 2/4 7:16 0:00 0:00
Mikhail Sergachev 0 0 0 -1 0 1 0 0 0 0 0/0 11:27 0:00 0:00
Milan Lucic 0 0 0 1 4 2 2 0 0 0 1/3 20:24 3:10 3:21
Ondrej Palat 0 0 0 0 2 0 1 0 0 2 0/1 16:34 2:45 1:55
Richard Panik 0 0 0 -2 2 6 0 1 0 0 0/0 11:26 0:02 0:00
Ryan Strome 0 0 0 1 2 2 2 0 3 0 0/0 17:21 2:45 2:45
Sean Couturier 2 0 2 2 0 4 1 0 0 0 15/31 22:48 3:10 5:48
Stefan Noesen 0 0 0 0 0 3 1 0 1 0 0/0 7:35 0:02 0:00
T.J Galiardi 0 0 0 -2 0 3 1 1 0 0 0/0 11:08 0:00 0:00
Tomas Hertl 0 0 0 0 0 1 1 1 1 0 8/12 17:02 2:45 2:31
Vince Dunn 0 0 0 0 0 2 0 1 0 0 0/0 21:11 2:28 4:38
Players Stats for Lightning
Player Name G A P +/- PIM S H SB GA TA FO MP PP MP PK MP
------------------------------------------------------------------------------------
Alex Killorn 1 0 1 1 0 4 2 0 0 0 0/0 8:32 0:07 1:19
Anthony Cirelli 0 1 1 -1 0 1 1 1 0 1 1/1 16:07 4:10 0:14
Brendan Lemieux 0 1 1 -1 0 1 3 1 0 0 0/2 21:32 5:22 1:19
Brock Boeser 1 0 1 -1 0 3 1 0 0 1 1/2 17:16 4:10 1:23
Jack Roslovic 0 1 1 -1 0 3 1 0 1 1 2/10 16:57 4:10 0:59
Jakob Chychrun 0 0 0 0 0 1 1 0 1 2 0/0 24:36 5:41 0:46
Jesper Fast 0 0 0 1 0 2 0 0 0 0 0/0 7:05 0:00 0:00
Jimmy Vesey 1 0 1 1 2 4 2 0 0 0 0/0 10:37 0:00 0:00
John Carlson 0 0 0 -1 0 2 2 3 1 0 0/0 29:40 5:41 3:52
Matt Duchene 0 1 1 -1 0 2 2 0 1 0 1/1 23:32 5:29 3:05
Michael Kostka 0 1 1 1 0 0 1 1 0 0 0/0 13:04 0:00 3:52
Noah Hanifin 0 0 0 1 0 0 0 1 0 0 0/0 14:23 0:00 0:00
Patrice Bergeron 0 0 0 1 0 1 1 0 0 0 0/2 7:16 0:00 0:11
Sam Bennett 0 0 0 1 0 1 2 2 0 0 3/8 12:05 0:07 1:19
Shayne Gostisbehere 0 0 0 -1 2 4 0 2 0 1 0/0 22:19 3:58 1:19
Tyler Kennedy 0 1 1 1 0 2 2 0 0 0 0/0 10:38 0:00 0:00
Victor Hedman 0 0 0 0 0 0 0 0 0 1 0/0 15:57 3:58 2:05
Yanni Gourde 1 0 1 -1 2 3 1 0 1 0 19/35 22:24 5:22 2:05
3 Stars
1 - Sean Couturier (NyR)
2 - Marc-André Fleury (T.B)
3 - Alex Killorn (T.B)
Power Play
Rangers - 0 on 3 Attempt(s) - 0.00%
Lightning - 2 on 7 Attempt(s) - 28.57%
Penalty Kill
Rangers - 5 on 7 Attempt(s) - 71.43%
- Score 1 goal in Penalty Kill
Lightning - 3 on 3 Attempt(s) - 100.00%
- Score 0 goal in Penalty Kill
Team Stat
Rangers - Hits : 12 - Faceoff Wins : 34 - Blocked Shots : 12 - Penalty Minutes : 12
Lightning - Hits : 22 - Faceoff Wins : 27 - Blocked Shots : 11 - Penalty Minutes : 6
Official
Referees : Graham Skilliter and Tom Chmielewski
Linesman : Brian Mach and Brandon Gawryletz
Game Notes
1:45 of 1st period - Penalty Shot by Jake McCabe for Rangers - Stopped by Marc-André Fleury
Finance
Level 1 -- Attendance: 5933 (98.88%) -- Ticket Income $593,300
Level 2 -- Attendance: 5000 (100.00%) -- Ticket Income $300,000
Level 3 -- Attendance: 2000 (100.00%) -- Ticket Income $70,000
Level 4 -- Attendance: 4000 (100.00%) -- Ticket Income $100,000
Luxury Box -- Attendance: 1000 (100.00%) -- Ticket Income $200,000
Game was played at the Amalie Arena.
Total Attendance: 17933 (99.63%)
Total Ticket Income: $1,263,300
Other Income: $189,495
Total Income: $1,452,795
Rangers
5 vs 5 Forward
Center Left Wing Right Wing Time % Phy DF OF
1 Sean Couturier Milan Lucic Devante Smith-Pelly 40 1 2 2
2 Tomas Hertl Ondrej Palat Ryan Strome 30 1 2 2
3 Henrik Samuelsson T.J Galiardi Richard Panik 20 1 2 2
4 Maxime Sauvé Magnus Paajarvi Stefan Noesen 10 1 2 2
5 vs 5 Defense
Defense Defense Time % Phy DF OF
1 Jake McCabe Dmitry Kulikov 40 1 2 2
2 Cale Makar Vince Dunn 30 1 2 2
3 Mikhail Sergachev Derrick Pouliot 20 1 2 2
4 Jake McCabe Dmitry Kulikov 10 1 2 2
PowerPlay Forward
Center Left Wing Right Wing Time % Phy DF OF
1 Sean Couturier Milan Lucic Devante Smith-Pelly 60 1 2 2
2 Tomas Hertl Ondrej Palat Ryan Strome 40 1 2 2
PowerPlay Defense
Defense Defense Time % Phy DF OF
1 Jake McCabe Dmitry Kulikov 60 1 2 2
2 Cale Makar Vince Dunn 40 1 2 2
Penalty Kill 4 Players Forward
Center Wing Time % Phy DF OF
1 Sean Couturier Milan Lucic 60 1 2 2
2 Tomas Hertl Ondrej Palat 40 1 2 2
Penalty Kill 4 Players Defense
Defense Defense Time % Phy DF OF
1 Jake McCabe Dmitry Kulikov 60 1 2 2
2 Cale Makar Vince Dunn 40 1 2 2
Penalty Kill - 3 Players Forward
Forward Time % Phy DF OF
1 Sean Couturier 60 1 2 2
2 Tomas Hertl 40 1 2 2
Penalty Kill - 3 Players Defense
Defense Defense Time % Phy DF OF
1 Jake McCabe Dmitry Kulikov 60 1 2 2
2 Cale Makar Vince Dunn 40 1 2 2
4 vs 4 Forward
Center Wing Time % Phy DF OF
1 Sean Couturier Milan Lucic 60 1 2 2
2 Tomas Hertl Ondrej Palat 40 1 2 2
4 vs 4 Defense
Defense Defense Time % Phy DF OF
1 Jake McCabe Dmitry Kulikov 60 1 2 2
2 Cale Makar Vince Dunn 40 1 2 2
Last Minutes Offensive
Center Left Wing Right Wing Defense Defense
Sean Couturier Milan Lucic Devante Smith-Pelly Jake McCabe Dmitry Kulikov
Last Minutes Defensive
Center Left Wing Right Wing Defense Defense
Sean Couturier Milan Lucic Devante Smith-Pelly Jake McCabe Dmitry Kulikov
Goaltenders
Starting : Samuel Montembeault
Backup : Frederik Andersen
Extra Forwards
Normal : Ryan Strome, Richard Panik, Ondrej Palat - PP : Ryan Strome, Richard Panik - PK : Ryan Strome
Extra Defensemen
Normal : Vince Dunn, Mikhail Sergachev, Derrick Pouliot - PP : Vince Dunn - PK : Vince Dunn, Mikhail Sergachev
Penalty Shots
Milan Lucic, Sean Couturier, Tomas Hertl, Devante Smith-Pelly, Ryan Strome
Custom OT Lines Forwards
Milan Lucic, Sean Couturier, Tomas Hertl, Devante Smith-Pelly, Ryan Strome, Richard Panik, Ondrej Palat, T.J Galiardi, Stefan Noesen, Magnus Paajarvi
Custom OT Lines Defensemen
Jake McCabe, Dmitry Kulikov, Cale Makar, Vince Dunn, Mikhail Sergachev
Scratches
Chris Mcallister (Healthy), Patrik Nemeth (Healthy), Seth Griffith (Healthy)
Lightning
5 vs 5 Forward
Center Left Wing Right Wing Time % Phy DF OF
1 Yanni Gourde Brendan Lemieux Matt Duchene 40 1 2 2
2 Jack Roslovic Anthony Cirelli Brock Boeser 30 1 2 2
3 Sam Bennett Jimmy Vesey Tyler Kennedy 20 1 2 2
4 Patrice Bergeron Alex Killorn Jesper Fast 10 1 2 2
5 vs 5 Defense
Defense Defense Time % Phy DF OF
1 John Carlson Jakob Chychrun 40 1 2 2
2 Noah Hanifin Shayne Gostisbehere 30 1 2 2
3 Victor Hedman Michael Kostka 20 1 2 2
4 John Carlson Shayne Gostisbehere 10 1 2 2
PowerPlay Forward
Center Left Wing Right Wing Time % Phy DF OF
1 Yanni Gourde Brendan Lemieux Matt Duchene 60 1 2 2
2 Jack Roslovic Anthony Cirelli Brock Boeser 40 1 2 2
PowerPlay Defense
Defense Defense Time % Phy DF OF
1 John Carlson Jakob Chychrun 60 1 2 2
2 Victor Hedman Shayne Gostisbehere 40 1 2 2
Penalty Kill 4 Players Forward
Center Wing Time % Phy DF OF
1 Yanni Gourde Matt Duchene 60 1 2 2
2 Sam Bennett Brendan Lemieux 40 1 2 2
Penalty Kill 4 Players Defense
Defense Defense Time % Phy DF OF
1 John Carlson Michael Kostka 60 1 2 2
2 Victor Hedman Shayne Gostisbehere 40 1 2 2
Penalty Kill - 3 Players Forward
Forward Time % Phy DF OF
1 Sam Bennett 60 1 2 2
2 Patrice Bergeron 40 1 2 2
Penalty Kill - 3 Players Defense
Defense Defense Time % Phy DF OF
1 John Carlson Michael Kostka 60 1 2 2
2 Victor Hedman Shayne Gostisbehere 40 1 2 2
4 vs 4 Forward
Center Wing Time % Phy DF OF
1 Yanni Gourde Matt Duchene 60 1 2 2
2 Jack Roslovic Brendan Lemieux 40 1 2 2
4 vs 4 Defense
Defense Defense Time % Phy DF OF
1 John Carlson Jakob Chychrun 60 1 2 2
2 Victor Hedman Shayne Gostisbehere 40 1 2 2
Last Minutes Offensive
Center Left Wing Right Wing Defense Defense
Yanni Gourde Brendan Lemieux Matt Duchene John Carlson Jakob Chychrun
Last Minutes Defensive
Center Left Wing Right Wing Defense Defense
Yanni Gourde Brendan Lemieux Matt Duchene John Carlson Michael Kostka
Goaltenders
Starting : Marc-André Fleury
Backup : Alex Nedeljkovic
Extra Forwards
Normal : Sam Bennett, Jack Roslovic, Brock Boeser - PP : Sam Bennett, Jack Roslovic - PK : Brock Boeser
Extra Defensemen
Normal : Noah Hanifin, Jakob Chychrun, Victor Hedman - PP : Noah Hanifin - PK : Jakob Chychrun, Victor Hedman
Penalty Shots
Matt Duchene, Yanni Gourde, Brendan Lemieux, Patrice Bergeron, Sam Bennett
Custom OT Lines Forwards
Matt Duchene, Yanni Gourde, Brendan Lemieux, Patrice Bergeron, Sam Bennett, Tyler Kennedy, Jimmy Vesey, Jack Roslovic, Brock Boeser, Jesper Fast
Custom OT Lines Defensemen
John Carlson, Michael Kostka, Victor Hedman, Shayne Gostisbehere, Noah Hanifin
Scratches
None
% Time on Ice - Rangers
Lines # - Real PCT - Wanted PCT - Time Play
Normal Forward
1 - 32% - 40% - 14:14
2 - 27% - 30% - 11:46
3 - 25% - 20% - 11:08
4 - 16% - 10% - 7:16
Normal Defense
1 - 41% - 40% - 18:02
2 - 32% - 30% - 14:05
3 - 26% - 20% - 11:27
4 - 2% - 10% - 0:50
PP Forward
1 - 54% - 60% - 3:12
2 - 46% - 40% - 2:45
PP Defense
1 - 59% - 60% - 3:29
2 - 41% - 40% - 2:28
PK Forward
1 - 74% - 60% - 7:08
2 - 26% - 40% - 2:31
PK Defense
1 - 65% - 60% - 6:14
2 - 35% - 40% - 3:25
PK3 Forward
1 - 0% - 60%
2 - 0% - 40%
PK3 Defense
1 - 0% - 60%
2 - 0% - 40%
44 Forward
1 - 0% - 60%
2 - 0% - 40%
44 Defense
1 - 0% - 60%
2 - 0% - 40%
Last Minute Offensive - 0:00
Last Minute Defensive - 0:00
Total
Forward - 60:00
Defense - 60:00
|
% Time on Ice - Lightning
Lines # - Real PCT - Wanted PCT - Time Play
Normal Forward
1 - 34% - 40% - 14:59
2 - 26% - 30% - 11:42
3 - 24% - 20% - 10:38
4 - 16% - 10% - 7:05
Normal Defense
1 - 42% - 40% - 18:50
2 - 34% - 30% - 14:56
3 - 19% - 20% - 8:31
4 - 5% - 10% - 2:07
PP Forward
1 - 57% - 60% - 5:29
2 - 43% - 40% - 4:10
PP Defense
1 - 59% - 60% - 5:41
2 - 41% - 40% - 3:58
PK Forward
1 - 78% - 60% - 4:38
2 - 22% - 40% - 1:19
PK Defense
1 - 65% - 60% - 3:52
2 - 35% - 40% - 2:05
PK3 Forward
1 - 0% - 60%
2 - 0% - 40%
PK3 Defense
1 - 0% - 60%
2 - 0% - 40%
44 Forward
1 - 0% - 60%
2 - 0% - 40%
44 Defense
1 - 0% - 60%
2 - 0% - 40%
Last Minute Offensive - 0:00
Last Minute Defensive - 0:00
Total
Forward - 60:00
Defense - 60:00
|
Play-by-Play
1st period
0:01 of 1st period - Yanni Gourde wins face-off versus Sean Couturier in neutral zone.
0:17 of 1st period - Off-side.
0:18 of 1st period - Tomas Hertl wins face-off versus Jack Roslovic in neutral zone.
0:23 of 1st period - Wrist shot by Ondrej Palat.
0:23 of 1st period - Shot Misses the Net.
0:25 of 1st period - Backhand shot by Vince Dunn.
0:25 of 1st period - Shot Blocked by Shayne Gostisbehere.
0:44 of 1st period - Richard Panik is hit by Tyler Kennedy and loses puck.
1:17 of 1st period - Wrist shot by Milan Lucic.
1:17 of 1st period - Shot Misses the Net.
1:29 of 1st period - Wrist shot by Alex Killorn.
1:29 of 1st period - Stopped by Samuel Montembeault with a rebound.
1:31 of 1st period - Wrist shot by Patrice Bergeron.
1:31 of 1st period - Shot Misses the Net.
1:33 of 1st period - Slapshot by Shayne Gostisbehere.
1:33 of 1st period - Shot Blocked by Maxime Sauvé.
1:35 of 1st period - Wrist shot by Shayne Gostisbehere.
1:35 of 1st period - Stopped by Samuel Montembeault with a rebound.
1:39 of 1st period - Snap shot by Alex Killorn.
1:39 of 1st period - Deflect By Jesper Fast.
1:39 of 1st period - Stopped by Samuel Montembeault with a rebound.
1:45 of 1st period - Penalty Shot by Jake McCabe for Rangers.
1:45 of 1st period - Wrist shot by Jake McCabe.
1:45 of 1st period - Stopped by Marc-André Fleury.
1:46 of 1st period - Tomas Hertl wins face-off versus Yanni Gourde in Rangers zone.
1:59 of 1st period - Slapshot by Cale Makar.
1:59 of 1st period - Deflect By Ryan Strome.
1:59 of 1st period - Stopped by Marc-André Fleury without a rebound.
2:00 of 1st period - Sean Couturier wins face-off versus Jack Roslovic in Lightning zone.
2:11 of 1st period - Wrist shot by Sean Couturier.
2:11 of 1st period - Shot Misses the Net.
2:13 of 1st period - Snap shot by Dmitry Kulikov.
2:13 of 1st period - Shot Misses the Net.
2:15 of 1st period - Slapshot by Jake McCabe.
2:15 of 1st period - Shot Blocked by Anthony Cirelli.
3:42 of 1st period - Slapshot by John Carlson.
3:42 of 1st period - Deflect By Milan Lucic.
3:42 of 1st period - Stopped by Samuel Montembeault with a rebound.
3:44 of 1st period - Snap shot by Jakob Chychrun.
3:44 of 1st period - Stopped by Samuel Montembeault with a rebound.
3:46 of 1st period - Slapshot by John Carlson.
3:46 of 1st period - Shot Blocked by Jake McCabe.
4:10 of 1st period - Slapshot by Ryan Strome.
4:10 of 1st period - Deflect By Tomas Hertl.
4:10 of 1st period - Stopped by Marc-André Fleury with a rebound.
4:20 of 1st period - Snap shot by Sam Bennett.
4:20 of 1st period - Deflect By Jimmy Vesey.
4:20 of 1st period - Stopped by Samuel Montembeault without a rebound.
4:21 of 1st period - Henrik Samuelsson wins face-off versus Sam Bennett in Rangers zone.
4:32 of 1st period - Snap shot by Cale Makar.
4:32 of 1st period - Deflect By Henrik Samuelsson.
4:32 of 1st period - Shot Blocked by Sam Bennett.
4:32 of 1st period - Puck is out of play.
4:33 of 1st period - Yanni Gourde wins face-off versus Sean Couturier in Lightning zone.
4:50 of 1st period - Wrist shot by Brendan Lemieux.
4:50 of 1st period - Shot Misses the Net.
5:00 of 1st period - Cale Makar is hit by John Carlson and loses puck.
5:30 of 1st period - Minor Penalty to Richard Panik for Holding.
5:31 of 1st period - Sean Couturier wins face-off versus Brendan Lemieux in Rangers zone.
6:01 of 1st period - Slapshot by Jack Roslovic.
6:01 of 1st period - Stopped by Samuel Montembeault without a rebound.
6:02 of 1st period - Tomas Hertl wins face-off versus Jack Roslovic in Rangers zone.
6:21 of 1st period - Snap shot by Victor Hedman.
6:21 of 1st period - Shot Blocked by Cale Makar.
7:30 of 1st period - Penalty to Richard Panik is over, Richard Panik is back on ice.
7:32 of 1st period - Vince Dunn is hit by Sam Bennett and loses puck.
8:03 of 1st period - Slapshot by Alex Killorn.
8:03 of 1st period - Stopped by Samuel Montembeault without a rebound.
8:04 of 1st period - Tomas Hertl wins face-off versus Patrice Bergeron in Rangers zone.
8:31 of 1st period - Milan Lucic is hit by Brendan Lemieux and loses puck.
9:01 of 1st period - Icing by Michael Kostka.
9:02 of 1st period - Tomas Hertl wins face-off versus Jack Roslovic in Lightning zone.
9:06 of 1st period - Icing by Anthony Cirelli.
9:07 of 1st period - Jack Roslovic wins face-off versus Tomas Hertl in Lightning zone.
9:11 of 1st period - Off-side.
9:12 of 1st period - Yanni Gourde wins face-off versus Tomas Hertl in neutral zone.
9:20 of 1st period - Minor Penalty to Ondrej Palat for Holding.
9:21 of 1st period - Yanni Gourde wins face-off versus Sean Couturier in Rangers zone.
10:07 of 1st period - Yanni Gourde is hit by Milan Lucic and loses puck.
11:16 of 1st period - Sean Couturier is hit by Alex Killorn and loses puck.
11:20 of 1st period - Penalty to Ondrej Palat is over, Ondrej Palat is back on ice.
11:33 of 1st period - Snap shot by Vince Dunn.
11:33 of 1st period - Deflect By T.J Galiardi.
11:33 of 1st period - Stopped by Marc-André Fleury with a rebound.
12:25 of 1st period - Slapshot by Richard Panik.
12:25 of 1st period - Stopped by Marc-André Fleury with a rebound.
12:27 of 1st period - Backhand shot by Henrik Samuelsson.
12:27 of 1st period - Deflect By T.J Galiardi.
12:27 of 1st period - Shot Misses the Net.
12:27 of 1st period - Puck is out of play.
12:28 of 1st period - Henrik Samuelsson wins face-off versus Yanni Gourde in Lightning zone.
12:29 of 1st period - Backhand shot by Richard Panik.
12:29 of 1st period - Shot Misses the Net.
12:53 of 1st period - Patrice Bergeron is hit by Milan Lucic and loses puck.
13:10 of 1st period - Ondrej Palat is hit by Michael Kostka and loses puck.
13:36 of 1st period - Off-side.
13:37 of 1st period - Sam Bennett wins face-off versus Henrik Samuelsson in neutral zone.
13:42 of 1st period - Wrist shot by Shayne Gostisbehere.
13:42 of 1st period - Stopped by Samuel Montembeault with a rebound.
13:53 of 1st period - Off-side.
13:54 of 1st period - Sean Couturier wins face-off versus Yanni Gourde in neutral zone.
14:03 of 1st period - Milan Lucic is hit by John Carlson and loses puck.
14:32 of 1st period - Brock Boeser is hit by Tomas Hertl and loses puck.
14:43 of 1st period - Magnus Paajarvi is hit by Sam Bennett and loses puck.
14:54 of 1st period - Snap shot by Jimmy Vesey.
14:54 of 1st period - Shot Blocked by Vince Dunn.
15:17 of 1st period - Minor Penalty to Milan Lucic for Hooking.
15:18 of 1st period - Sean Couturier wins face-off versus Yanni Gourde in Rangers zone.
15:27 of 1st period - Slapshot by Sean Couturier.
15:27 of 1st period - Goal by Sean Couturier - Rangers : 1 - Lightning : 0.
15:28 of 1st period - Sean Couturier wins face-off versus Yanni Gourde in neutral zone.
17:17 of 1st period - Penalty to Milan Lucic is over, Milan Lucic is back on ice.
18:02 of 1st period - Icing by Mikhail Sergachev.
18:03 of 1st period - Sam Bennett wins face-off versus Maxime Sauvé in Rangers zone.
18:22 of 1st period - Snap shot by Magnus Paajarvi.
18:22 of 1st period - Deflect By Michael Kostka.
18:22 of 1st period - Shot Misses the Net.
18:22 of 1st period - Puck is out of play.
18:23 of 1st period - Sean Couturier wins face-off versus Jack Roslovic in Lightning zone.
18:29 of 1st period - Off-side.
18:30 of 1st period - Sean Couturier wins face-off versus Yanni Gourde in neutral zone.
18:42 of 1st period - Icing by John Carlson.
18:43 of 1st period - Sean Couturier wins face-off versus Brendan Lemieux in Lightning zone.
18:44 of 1st period - Snap shot by Milan Lucic.
18:44 of 1st period - Shot Hit the Post.
18:52 of 1st period - Snap shot by Matt Duchene.
18:52 of 1st period - Stopped by Samuel Montembeault with a rebound.
19:00 of 1st period - Wrist shot by Matt Duchene.
19:00 of 1st period - Shot Misses the Net.
19:02 of 1st period - Slapshot by Jakob Chychrun.
19:02 of 1st period - Shot Blocked by Jake McCabe.
19:04 of 1st period - Snap shot by Yanni Gourde.
19:04 of 1st period - Stopped by Samuel Montembeault with a rebound.
19:08 of 1st period - Snap shot by Yanni Gourde.
19:08 of 1st period - Stopped by Samuel Montembeault without a rebound.
19:09 of 1st period - Brock Boeser wins face-off versus Tomas Hertl in Rangers zone.
19:18 of 1st period - Snap shot by Brock Boeser.
19:18 of 1st period - Stopped by Samuel Montembeault without a rebound.
19:19 of 1st period - Anthony Cirelli wins face-off versus Ondrej Palat in Rangers zone.
19:26 of 1st period - Slapshot by Brock Boeser.
19:26 of 1st period - Shot Misses the Net.
19:32 of 1st period - Wrist shot by Brock Boeser.
19:32 of 1st period - Shot Blocked by Tomas Hertl.
19:34 of 1st period - Wrist shot by Brock Boeser.
19:34 of 1st period - Stopped by Samuel Montembeault without a rebound.
19:35 of 1st period - Yanni Gourde wins face-off versus Sean Couturier in Rangers zone.
Goals for this period are 1 for Rangers vs 0 for Lightning.
Shots for this period are 5 for Rangers vs 14 for Lightning.
2nd period
0:01 of 2nd period - Devante Smith-Pelly wins face-off versus Yanni Gourde in neutral zone.
0:06 of 2nd period - Slapshot by Jake McCabe.
0:06 of 2nd period - Deflect By Brendan Lemieux.
0:06 of 2nd period - Stopped by Marc-André Fleury with a rebound.
0:12 of 2nd period - Wrist shot by Milan Lucic.
0:12 of 2nd period - Shot Misses the Net.
0:16 of 2nd period - Wrist shot by Milan Lucic.
0:16 of 2nd period - Stopped by Marc-André Fleury with a rebound.
0:31 of 2nd period - Slapshot by Richard Panik.
0:31 of 2nd period - Shot Blocked by Brendan Lemieux.
0:33 of 2nd period - Slapshot by Dmitry Kulikov.
0:33 of 2nd period - Shot Misses the Net.
0:35 of 2nd period - Wrist shot by T.J Galiardi.
0:35 of 2nd period - Shot Misses the Net.
0:37 of 2nd period - Slapshot by Henrik Samuelsson.
0:37 of 2nd period - Shot Misses the Net.
0:39 of 2nd period - Wrist shot by Richard Panik.
0:39 of 2nd period - Stopped by Marc-André Fleury without a rebound.
0:40 of 2nd period - Jack Roslovic wins face-off versus Sean Couturier in Lightning zone.
0:40 of 2nd period - Jack Roslovic is hit by Sean Couturier.
0:46 of 2nd period - Slapshot by Cale Makar.
0:46 of 2nd period - Deflect By Sean Couturier.
0:46 of 2nd period - Goal by Sean Couturier - Rangers : 2 - Lightning : 0.
0:47 of 2nd period - Yanni Gourde wins face-off versus Sean Couturier in neutral zone.
0:49 of 2nd period - John Carlson is hit by Devante Smith-Pelly and loses puck.
0:56 of 2nd period - Slapshot by Dmitry Kulikov.
0:56 of 2nd period - Stopped by Marc-André Fleury with a rebound.
0:58 of 2nd period - Snap shot by Dmitry Kulikov.
0:58 of 2nd period - Stopped by Marc-André Fleury with a rebound.
1:00 of 2nd period - Snap shot by Milan Lucic.
1:00 of 2nd period - Stopped by Marc-André Fleury with a rebound.
1:02 of 2nd period - Backhand shot by Dmitry Kulikov.
1:02 of 2nd period - Shot Misses the Net.
1:04 of 2nd period - Wrist shot by Jake McCabe.
1:04 of 2nd period - Deflect By Jakob Chychrun.
1:04 of 2nd period - Stopped by Marc-André Fleury with a rebound.
1:42 of 2nd period - Wrist shot by T.J Galiardi.
1:42 of 2nd period - Stopped by Marc-André Fleury with a rebound.
1:44 of 2nd period - Slapshot by Jake McCabe.
1:44 of 2nd period - Shot Blocked by Sam Bennett.
1:46 of 2nd period - Wrist shot by Richard Panik.
1:46 of 2nd period - Stopped by Marc-André Fleury without a rebound.
1:47 of 2nd period - Yanni Gourde wins face-off versus Sean Couturier in Lightning zone.
2:01 of 2nd period - Slapshot by Cale Makar.
2:01 of 2nd period - Stopped by Marc-André Fleury with a rebound.
2:03 of 2nd period - Snap shot by Sean Couturier.
2:03 of 2nd period - Stopped by Marc-André Fleury with a rebound.
2:27 of 2nd period - Snap shot by T.J Galiardi.
2:27 of 2nd period - Deflect By Richard Panik.
2:27 of 2nd period - Stopped by Marc-André Fleury with a rebound.
2:36 of 2nd period - Off-side.
2:37 of 2nd period - Tomas Hertl wins face-off versus Jack Roslovic in neutral zone.
2:53 of 2nd period - Off-side.
2:54 of 2nd period - Sean Couturier wins face-off versus Sam Bennett in neutral zone.
3:03 of 2nd period - Slapshot by Milan Lucic.
3:03 of 2nd period - Shot Misses the Net.
3:05 of 2nd period - Slapshot by Jake McCabe.
3:05 of 2nd period - Shot Misses the Net.
3:07 of 2nd period - Snap shot by Devante Smith-Pelly.
3:07 of 2nd period - Shot Misses the Net.
3:41 of 2nd period - Snap shot by Jack Roslovic.
3:41 of 2nd period - Stopped by Samuel Montembeault without a rebound.
3:42 of 2nd period - Yanni Gourde wins face-off versus Henrik Samuelsson in Rangers zone.
4:05 of 2nd period - Wrist shot by Henrik Samuelsson.
4:05 of 2nd period - Shot Misses the Net.
4:07 of 2nd period - Snap shot by T.J Galiardi.
4:07 of 2nd period - Shot Misses the Net.
4:09 of 2nd period - Snap shot by Vince Dunn.
4:09 of 2nd period - Deflect By Jack Roslovic.
4:09 of 2nd period - Stopped by Marc-André Fleury with a rebound.
4:11 of 2nd period - Snap shot by Richard Panik.
4:11 of 2nd period - Stopped by Marc-André Fleury without a rebound.
4:12 of 2nd period - Sean Couturier wins face-off versus Jack Roslovic in Lightning zone.
4:39 of 2nd period - Tomas Hertl is hit by Matt Duchene.
4:47 of 2nd period - Backhand shot by Cale Makar.
4:47 of 2nd period - Deflect By Tomas Hertl.
4:47 of 2nd period - Shot Misses the Net.
4:47 of 2nd period - Puck is out of play.
4:48 of 2nd period - Yanni Gourde wins face-off versus Milan Lucic in Lightning zone.
5:25 of 2nd period - Wrist shot by Ryan Strome.
5:25 of 2nd period - Shot Misses the Net.
5:39 of 2nd period - Snap shot by Henrik Samuelsson.
5:39 of 2nd period - Stopped by Marc-André Fleury with a rebound.
5:41 of 2nd period - Slapshot by Mikhail Sergachev.
5:41 of 2nd period - Deflect By Michael Kostka.
5:41 of 2nd period - Stopped by Marc-André Fleury with a rebound.
5:43 of 2nd period - Slapshot by Henrik Samuelsson.
5:43 of 2nd period - Stopped by Marc-André Fleury with a rebound.
5:45 of 2nd period - Wrist shot by Richard Panik.
5:45 of 2nd period - Shot Misses the Net.
5:47 of 2nd period - Wrist shot by Richard Panik.
5:47 of 2nd period - Shot Misses the Net.
5:49 of 2nd period - Snap shot by Richard Panik.
5:49 of 2nd period - Shot Blocked by Michael Kostka.
6:54 of 2nd period - Icing by Derrick Pouliot.
6:55 of 2nd period - Yanni Gourde wins face-off versus Tomas Hertl in Rangers zone.
7:18 of 2nd period - Minor Penalty to Ryan Strome for Hooking.
7:19 of 2nd period - Yanni Gourde wins face-off versus Sean Couturier in Rangers zone.
7:48 of 2nd period - Snap shot by Brock Boeser.
7:48 of 2nd period - Goal by Brock Boeser - Rangers : 2 - Lightning : 1.
7:49 of 2nd period - Sean Couturier wins face-off versus Yanni Gourde in neutral zone.
8:45 of 2nd period - Backhand shot by Jimmy Vesey.
8:45 of 2nd period - Stopped by Samuel Montembeault with a rebound.
9:29 of 2nd period - Snap shot by Brendan Lemieux.
9:29 of 2nd period - Deflect By Yanni Gourde.
9:29 of 2nd period - Shot Misses the Net.
9:29 of 2nd period - Puck is out of play.
9:30 of 2nd period - Yanni Gourde wins face-off versus Sean Couturier in Rangers zone.
10:28 of 2nd period - Snap shot by Jimmy Vesey.
10:28 of 2nd period - Shot Blocked by T.J Galiardi.
10:48 of 2nd period - Wrist shot by Jesper Fast.
10:48 of 2nd period - Shot Blocked by Magnus Paajarvi.
10:58 of 2nd period - Jakob Chychrun is hit by Dmitry Kulikov and loses puck.
11:39 of 2nd period - Tomas Hertl is hit by Anthony Cirelli and loses puck.
12:15 of 2nd period - Snap shot by Cale Makar.
12:15 of 2nd period - Shot Misses the Net.
12:17 of 2nd period - Wrist shot by Magnus Paajarvi.
12:17 of 2nd period - Shot Blocked by Noah Hanifin.
12:19 of 2nd period - Slapshot by Vince Dunn.
12:19 of 2nd period - Shot Blocked by Shayne Gostisbehere.
13:25 of 2nd period - Minor Penalty to Jimmy Vesey for Roughing.
13:26 of 2nd period - Yanni Gourde wins face-off versus Sean Couturier in Lightning zone.
14:04 of 2nd period - Matt Duchene is hit by Ryan Strome and loses puck.
14:35 of 2nd period - Tomas Hertl is hit by Alex Killorn and loses puck.
15:04 of 2nd period - Milan Lucic is hit by Brendan Lemieux.
15:25 of 2nd period - Penalty to Jimmy Vesey is over, Jimmy Vesey is back on ice.
15:30 of 2nd period - Milan Lucic is hit by Jack Roslovic.
15:40 of 2nd period - T.J Galiardi is hit by Jimmy Vesey and loses puck.
15:45 of 2nd period - Wrist shot by Jimmy Vesey.
15:45 of 2nd period - Goal by Jimmy Vesey - Rangers : 2 - Lightning : 2.
15:46 of 2nd period - Henrik Samuelsson wins face-off versus Yanni Gourde in neutral zone.
15:49 of 2nd period - Slapshot by Jake McCabe.
15:49 of 2nd period - Stopped by Marc-André Fleury without a rebound.
15:50 of 2nd period - Henrik Samuelsson wins face-off versus Yanni Gourde in Lightning zone.
15:53 of 2nd period - Slapshot by Henrik Samuelsson.
15:53 of 2nd period - Stopped by Marc-André Fleury with a rebound.
17:02 of 2nd period - Snap shot by Stefan Noesen.
17:02 of 2nd period - Stopped by Marc-André Fleury without a rebound.
17:03 of 2nd period - Yanni Gourde wins face-off versus Sean Couturier in Lightning zone.
17:39 of 2nd period - Minor Penalty to Milan Lucic for Hooking.
17:40 of 2nd period - Yanni Gourde wins face-off versus Sean Couturier in Rangers zone.
17:40 of 2nd period - Slapshot by Matt Duchene.
17:40 of 2nd period - Shot Misses the Net.
19:39 of 2nd period - Penalty to Milan Lucic is over, Milan Lucic is back on ice.
Goals for this period are 1 for Rangers vs 2 for Lightning.
Shots for this period are 21 for Rangers vs 4 for Lightning.
3rd period
0:01 of 3rd period - Matt Duchene wins face-off versus Milan Lucic in neutral zone.
0:36 of 3rd period - Wrist shot by Ryan Strome.
0:36 of 3rd period - Shot Misses the Net.
1:04 of 3rd period - Wrist shot by Henrik Samuelsson.
1:04 of 3rd period - Shot Misses the Net.
1:06 of 3rd period - Snap shot by Henrik Samuelsson.
1:06 of 3rd period - Deflect By Richard Panik.
1:06 of 3rd period - Stopped by Marc-André Fleury with a rebound.
1:16 of 3rd period - Snap shot by Jimmy Vesey.
1:16 of 3rd period - Deflect By Yanni Gourde.
1:16 of 3rd period - Shot Blocked by Magnus Paajarvi.
1:16 of 3rd period - Puck is out of play.
1:17 of 3rd period - Maxime Sauvé wins face-off versus Yanni Gourde in Rangers zone.
1:17 of 3rd period - Maxime Sauvé is hit by Matt Duchene.
2:17 of 3rd period - Magnus Paajarvi is hit by Patrice Bergeron and loses puck.
2:38 of 3rd period - Snap shot by Stefan Noesen.
2:38 of 3rd period - Stopped by Marc-André Fleury without a rebound.
2:39 of 3rd period - Sean Couturier wins face-off versus Yanni Gourde in Lightning zone.
3:16 of 3rd period - Minor Penalty to Shayne Gostisbehere for Hooking.
3:17 of 3rd period - Sean Couturier wins face-off versus Yanni Gourde in Lightning zone.
3:23 of 3rd period - Wrist shot by Sean Couturier.
3:23 of 3rd period - Shot Blocked by John Carlson.
3:25 of 3rd period - Wrist shot by Jake McCabe.
3:25 of 3rd period - Deflect By Yanni Gourde.
3:25 of 3rd period - Stopped by Marc-André Fleury with a rebound.
4:06 of 3rd period - Snap shot by Brendan Lemieux.
4:06 of 3rd period - Stopped by Samuel Montembeault without a rebound.
4:07 of 3rd period - Yanni Gourde wins face-off versus Sean Couturier in Rangers zone.
5:16 of 3rd period - Penalty to Shayne Gostisbehere is over, Shayne Gostisbehere is back on ice.
5:27 of 3rd period - Henrik Samuelsson is hit by Brock Boeser.
5:31 of 3rd period - Brock Boeser is hit by T.J Galiardi.
5:49 of 3rd period - Snap shot by Stefan Noesen.
5:49 of 3rd period - Stopped by Marc-André Fleury without a rebound.
5:50 of 3rd period - Maxime Sauvé wins face-off versus Patrice Bergeron in Lightning zone.
5:53 of 3rd period - Snap shot by Stefan Noesen.
5:53 of 3rd period - Shot Blocked by John Carlson.
6:17 of 3rd period - Milan Lucic is hit by Jakob Chychrun and loses puck.
7:10 of 3rd period - Slapshot by T.J Galiardi.
7:10 of 3rd period - Stopped by Marc-André Fleury without a rebound.
7:11 of 3rd period - Yanni Gourde wins face-off versus Sean Couturier in Lightning zone.
7:11 of 3rd period - Yanni Gourde is hit by Devante Smith-Pelly.
7:14 of 3rd period - Minor Penalty to Yanni Gourde for Kneeing.
7:15 of 3rd period - Devante Smith-Pelly wins face-off versus Brock Boeser in Lightning zone.
7:19 of 3rd period - Wrist shot by Devante Smith-Pelly.
7:19 of 3rd period - Shot Blocked by John Carlson.
7:41 of 3rd period - John Carlson is hit by Ryan Strome and loses puck.
9:14 of 3rd period - Penalty to Yanni Gourde is over, Yanni Gourde is back on ice.
9:26 of 3rd period - Jimmy Vesey is hit by Stefan Noesen and loses puck.
9:37 of 3rd period - Slapshot by John Carlson.
9:37 of 3rd period - Stopped by Samuel Montembeault with a rebound.
10:37 of 3rd period - Snap shot by Jack Roslovic.
10:37 of 3rd period - Shot Blocked by Cale Makar.
10:39 of 3rd period - Wrist shot by Anthony Cirelli.
10:39 of 3rd period - Shot Misses the Net.
10:55 of 3rd period - Backhand shot by Ryan Strome.
10:55 of 3rd period - Stopped by Marc-André Fleury with a rebound.
11:31 of 3rd period - Wrist shot by Brock Boeser.
11:31 of 3rd period - Shot Misses the Net.
11:33 of 3rd period - Snap shot by Anthony Cirelli.
11:33 of 3rd period - Stopped by Samuel Montembeault without a rebound.
11:34 of 3rd period - Yanni Gourde wins face-off versus Maxime Sauvé in Rangers zone.
12:01 of 3rd period - Noah Hanifin is hit by Ondrej Palat and loses puck.
12:18 of 3rd period - Milan Lucic is hit by Tyler Kennedy and loses puck.
12:29 of 3rd period - Slapshot by Shayne Gostisbehere.
12:29 of 3rd period - Stopped by Samuel Montembeault without a rebound.
12:30 of 3rd period - Tomas Hertl wins face-off versus Yanni Gourde in Rangers zone.
12:47 of 3rd period - Tomas Hertl is hit by Yanni Gourde and loses puck.
13:00 of 3rd period - Slapshot by Cale Makar.
13:00 of 3rd period - Stopped by Marc-André Fleury with a rebound.
13:02 of 3rd period - Slapshot by Vince Dunn.
13:02 of 3rd period - Stopped by Marc-André Fleury with a rebound.
13:22 of 3rd period - Snap shot by Alex Killorn.
13:22 of 3rd period - Goal by Alex Killorn - Rangers : 2 - Lightning : 3.
13:23 of 3rd period - Devante Smith-Pelly wins face-off versus Yanni Gourde in neutral zone.
13:42 of 3rd period - Devante Smith-Pelly is hit by Brendan Lemieux and loses puck.
14:01 of 3rd period - Wrist shot by Jack Roslovic.
14:01 of 3rd period - Shot Misses the Net.
14:03 of 3rd period - Slapshot by Jakob Chychrun.
14:03 of 3rd period - Deflect By Jack Roslovic.
14:03 of 3rd period - Stopped by Samuel Montembeault with a rebound.
14:19 of 3rd period - Wrist shot by Jimmy Vesey.
14:19 of 3rd period - Stopped by Samuel Montembeault with a rebound.
14:21 of 3rd period - Backhand shot by Michael Kostka.
14:21 of 3rd period - Shot Blocked by Dmitry Kulikov.
14:23 of 3rd period - Snap shot by Sam Bennett.
14:23 of 3rd period - Stopped by Samuel Montembeault with a rebound.
14:42 of 3rd period - Snap shot by Alex Killorn.
14:42 of 3rd period - Deflect By Jesper Fast.
14:42 of 3rd period - Stopped by Samuel Montembeault with a rebound.
14:44 of 3rd period - Snap shot by Alex Killorn.
14:44 of 3rd period - Stopped by Samuel Montembeault with a rebound.
14:54 of 3rd period - Backhand shot by Sean Couturier.
14:54 of 3rd period - Stopped by Marc-André Fleury with a rebound.
14:56 of 3rd period - Wrist shot by Devante Smith-Pelly.
14:56 of 3rd period - Shot Hit the Post.
14:58 of 3rd period - Wrist shot by Devante Smith-Pelly.
14:58 of 3rd period - Stopped by Marc-André Fleury without a rebound.
14:59 of 3rd period - Yanni Gourde wins face-off versus Sean Couturier in Lightning zone.
15:47 of 3rd period - Slapshot by Shayne Gostisbehere.
15:47 of 3rd period - Stopped by Samuel Montembeault with a rebound.
15:49 of 3rd period - Slapshot by Patrice Bergeron.
15:49 of 3rd period - Stopped by Samuel Montembeault with a rebound.
15:56 of 3rd period - Icing by Mikhail Sergachev.
15:57 of 3rd period - Tomas Hertl wins face-off versus Sam Bennett in Rangers zone.
16:02 of 3rd period - Tomas Hertl is hit by Jimmy Vesey and loses puck.
16:07 of 3rd period - Snap shot by Tyler Kennedy.
16:07 of 3rd period - Stopped by Samuel Montembeault without a rebound.
16:08 of 3rd period - Sean Couturier wins face-off versus Sam Bennett in Rangers zone.
16:18 of 3rd period - Backhand shot by Sam Bennett.
16:18 of 3rd period - Shot Misses the Net.
16:20 of 3rd period - Slapshot by Tyler Kennedy.
16:20 of 3rd period - Stopped by Samuel Montembeault without a rebound.
16:21 of 3rd period - Sam Bennett wins face-off versus Sean Couturier in Rangers zone.
17:01 of 3rd period - Snap shot by Matt Duchene.
17:01 of 3rd period - Shot Blocked by Richard Panik.
18:22 of 3rd period - Snap shot by Brendan Lemieux.
18:22 of 3rd period - Shot Hit the Post.
18:36 of 3rd period - Minor Penalty to Dmitry Kulikov for Hooking.
18:37 of 3rd period - Milan Lucic wins face-off versus Yanni Gourde in Rangers zone.
19:18 of 3rd period - Snap shot by Matt Duchene.
19:18 of 3rd period - Stopped by Samuel Montembeault without a rebound.
19:19 of 3rd period - Claude Julien call a timeout for Rangers.
19:19 of 3rd period - Sean Couturier wins face-off versus Jack Roslovic in Rangers zone.
19:49 of 3rd period - Wrist shot by Yanni Gourde.
19:49 of 3rd period - Goal by Yanni Gourde - Rangers : 2 - Lightning : 4.
19:50 of 3rd period - Henrik Samuelsson wins face-off versus Sam Bennett in neutral zone.
19:55 of 3rd period - Slapshot by Jake McCabe.
19:55 of 3rd period - Deflect By Sam Bennett.
19:55 of 3rd period - Stopped by Marc-André Fleury with a rebound.
Goals for this period are 0 for Rangers vs 2 for Lightning.
Shots for this period are 11 for Rangers vs 16 for Lightning.